Unix NetHack Version 3.7.0-102 Work-in-progress - last build Apr 7 2024 00:22:53 (d302a6a9ff6341f1a922d8f5af178406b35fdf99,branch:master). Game began 2024-04-12 02:40:41, ended 2024-04-12 02:53:36. Merlek, neutral male human Priest ------------- ------ |((((](]*((.-######## |....| |..((((.(((.| ###r@rr...| |((.(.(((.(.| |..... |(((((((((((| |.{.<| ------------- |..... ------ Merlek the Aspirant St:16 Dx:9 Co:14 In:9 Wi:17 Ch:10 Neutral Dlvl:4 $:35 HP:0(19) Pw:21(21) AC:7 Xp:2/32 T:1013 Latest messages: You put an uncursed orange potion into the bag. You put a cursed orange potion into the bag. You put an uncursed pink potion into the bag. You put 3 potions of holy water into the bag. You see here an uncursed whistle (for sale, 18 zorkmids). You see here an uncursed whistle (for sale, 13 zorkmids). You see here an uncursed bag (for sale, 666 zorkmids). In what direction? The violet gem will cost you 533 zorkmids. C - an uncursed violet gem (unpaid, 533 zorkmids). "For you, good sir; only 133 zorkmids for this bag." D - an empty uncursed bag (unpaid, 133 zorkmids). What do you want to drop? [$a-cmnqtuCDI or ?*] You drop an uncursed violet gem (unpaid, 533 zorkmids). What do you want to drop? [$a-cmnqtuDI or ?*] You drop an empty uncursed bag (unpaid, 133 zorkmids). # The grid bug bites! You avoid harm. You miss the grid bug. The grid bug bites! You avoid harm. You kill the grid bug! You kill the grid bug! What do you want to throw? [$m or ?*] In what direction? The dart misses the wererat. You miss the wererat. The wererat hits! You hit the wererat! The wererat hits! You miss the wererat. The wererat hits! # Are you sure you want to pray? [yn] (n) You begin praying to Hermes. The wererat changes into a rat. The wererat bites! You avoid harm. The wererat bites! The wererat bites! You finish your prayer. You feel that Hermes is displeased. You miss the wererat. The wererat summons help! A giant rat suddenly appears next to you! A sewer rat suddenly appears close by! The wererat bites! You die... Do you want your possessions identified? [ynq] (n) Inventory: Coins $ - 35 gold pieces Weapons m - 9 uncursed +0 darts a - a blessed +1 mace (weapon in right hand) Armor c - an uncursed +0 small shield (being worn) b - an uncursed +0 robe (being worn) Wands q - an uncursed wand of cancellation (0:4) Tools I - an uncursed sack containing 12 items n - an uncursed wooden harp Gems/Stones t - an uncursed worthless piece of blue glass u - an uncursed worthless piece of green glass Contents of the sack: 3 uncursed cloves of garlic 2 uncursed sprigs of wolfsbane an uncursed lichen corpse an uncursed scroll of enchant armor an uncursed scroll of punishment an uncursed spellbook of clairvoyance an uncursed spellbook of light an uncursed potion of gain ability an uncursed potion of booze a cursed potion of booze an uncursed potion of paralysis 3 potions of holy water Merlek the Priest's attributes: Background: You were an Aspirant, a level 2 human Priest. You were neutral, on a mission for Hermes who was opposed by Athena (lawful) and Poseidon (chaotic). You were right-handed. You were in the Dungeons of Doom, on level 4. You entered the dungeon 1013 turns ago. It was nighttime. You had 32 experience points, 8 more were needed to attain level 3. Basics: You had 0 out of 19 hit points. You had all 21 energy points (spell power). Your armor class was 7. Your wallet contained 35 zorkmids. Autopickup was on for '$=?"/!%' plus thrown, with exceptions. Final Characteristics: Your strength was 16 (limit:18/100). Your dexterity was 9 (limit:18). Your constitution was 14 (limit:18). Your intelligence was 9 (limit:18). Your wisdom was 17 (limit:18). Your charisma was 10 (limit:18). Final Status: You weren't hungry. You were unencumbered. You were wielding a mace. You had basic skill with mace. Final Attributes: You were stridently aligned. You were guarded. You were unlucky. You are dead. Miscellaneous: You encountered 1 bones level. Total elapsed playing time was 12 minutes and 55 seconds. Major events: Turn 1: Merlek the neutral human Priest entered the dungeon 330: entered the Gnomish Mines 1013: killed by a wererat Vanquished creatures: a brown mold a gecko a jackal a kobold a goblin 2 grid bugs 2 lichens 3 newts 12 creatures vanquished. No species were genocided or became extinct. Voluntary challenges: You were illiterate. You never engraved Elbereth. You never had a pet. You never genocided any monsters. You never polymorphed an object. You never changed form. You used no wishes. Achievements: You entered the Gnomish Mines. You entered a shop. The Dungeons of Doom: levels 1 to 4 Level 1: "1 holy water" An altar, some fountains. Level 2: Stairs down to The Gnomish Mines. Level 3: "closed shop" An altar, a fountain. Level 4: "2x magic lamp in shop 2x67 + bag 133" <- You were here. A fountain. Final resting place for you, killed by a wererat, post163-Hea-Hum-Fem-Neu, killed by a bat. The Gnomish Mines: Level 3: Game over: ---------- / \ / REST \ / IN \ / PEACE \ / \ | Merlek | | 35 Au | | killed by a | | wererat | | | | | | 2024 | *| * * * | * _________)/\\_//(\/(/\)/\//\/|_)_______ Goodbye Merlek the Priest... You died in The Dungeons of Doom on dungeon level 4 with 310 points, and 35 pieces of gold, after 1013 moves. You were level 2 with a maximum of 19 hit points when you died.